 Dungeon Crawl Stone Soup version 0.29-a0-334-gb41bcbb86e (webtiles) character file.

Game seed: 11284150882842270932

3049 jlumianski the Chopper (level 9, -2/70 HPs)
             Began as a Demonspawn Fighter on Apr 15, 2022.
             Was a Priest of Okawaru.
             Slain by an orc warrior
             ... wielding a +0 glaive
              (12 damage)
             ... in a bailey.
             The game lasted 00:28:00 (6197 turns).

jlumianski the Chopper (Demonspawn Fighter)         Turns: 6197, Time: 00:28:01

Health: -2/70      AC: 12    Str: 22    XL:     9   Next: 57%
Magic:  13/13      EV: 11    Int:  9    God:    Okawaru [***...]
Gold:   570        SH: 17    Dex: 12    Spells: 8/8 levels left

rFire   + . .      SeeInvis .   a - +0 war axe
rCold   . . .      Faith    .   J - +2 kite shield
rNeg    . . .      Spirit   .   b - +0 scale mail
rPois   .          Reflect  .   (helmet unavailable)
rElec   .          Harm     .   n - +1 cloak
rCorr   .          Rampage  .   (no gloves)
Will    .....                   (no boots)
Stlth   ++........              u - amulet of regeneration
HPRegen 1.01/turn               f - ring of protection from fire
MPRegen 0.13/turn               (no ring)

@: about to teleport, heroic
A: horns 3, rugged brown scales 1, condensation shield
a: Renounce Religion, Heroism


You were in a bailey.
You worshipped Okawaru.
Okawaru was most pleased with you.
You visited 2 branches of the dungeon, and saw 8 of its levels.
You also visited: Bailey.

You collected 570 gold pieces.

Inventory:

Hand Weapons
 a - a +0 war axe (weapon)
 i - a +0 hunting sling
 s - a +1 dagger of electrocution
 t - a +2 dagger of electrocution
 F - a +1 whip of freezing
 M - a +3 quarterstaff of chaos
Missiles
 h - 142 stones
 l - 9 boomerangs (quivered)
 m - 31 poisoned darts
 z - 7 atropa-tipped darts
 E - 4 javelins
Armour
 b - a +0 scale mail (worn)
 c - a +0 buckler
 j - a +1 hat
 n - a +1 cloak (worn)
 y - the +2 leather armour of Cowardice {Dex+3}
   (You found it on level 5 of the Dungeon)

   Dex:       It affects your dexterity (+3).
 J - a +2 kite shield (worn)
 N - a +0 cloak
Magical Staves
 o - a staff of cold
Jewellery
 f - a ring of protection from fire (left hand)
 g - an amulet of the acrobat
 u - an amulet of regeneration (around neck)
 B - a ring of protection from fire
Wands
 L - a wand of iceblast (5)
Scrolls
 q - 3 scrolls of teleportation
 x - a scroll of fear
 C - a scroll of blinking
 I - a scroll of identify
 K - a scroll of fog {unknown}
Potions
 e - 4 potions of haste
 p - a potion of mutation
 r - a potion of berserk rage {unknown}
 v - a potion of attraction {unknown}
 w - a potion of curing {unknown}
 A - a potion of invisibility {unknown}
 G - a potion of ambrosia {unknown}
 H - a potion of degeneration {unknown}


   Skills:
 + Level 5.2(10.2) Fighting
 + Level 7.4(12.4) Axes
 + Level 0.4(5.4) Throwing
 + Level 5.6(10.6) Armour
 + Level 2.5(7.5) Dodging
 - Level 0.7(5.7) Stealth
 + Level 5.1(10.1) Shields
 * Level 5.4 Invocations
 * Level 3.6 Evocations


You had 8 spell levels left.
You didn't know any spells.
Your spell library contained the following spells:

 Spells                   Type           Power      Damage    Failure   Level
 Apportation              Tloc           0%         N/A       89%         1
 Freeze                   Ice            0%         1d3       89%         1
 Scorch                   Fire           0%         2d5       96%         2
 Dazzling Flash           Conj/Hex       0%         N/A       99%         3
 Frozen Ramparts          Ice            0%         1d2       99%         3
 Gell's Gravitas          Tloc           0%         N/A       99%         3
 Lesser Beckoning         Tloc           0%         N/A       99%         3
 Stone Arrow              Conj/Erth      0%         3d7       99%         3
 Teleport Other           Tloc           0%         N/A       99%         3
 Flame Wave               Conj/Fire      0%         2d4       100%        4
 Hailstorm                Conj/Ice       0%         3d3       100%        4
 Iskenderun's Mystic Bla  Conj/Tloc      0%         2d3       100%        4
 Dispersal                Tloc           0%         N/A       100%        6
 Iron Shot                Conj/Erth      0%         9d1       100%        6
 Starburst                Conj/Fire      0%         6d3       100%        6
 Lehudib's Crystal Spear  Conj/Erth      0%         10d2      100%        8
 Animate Armour           Summ/Erth      Unusable   N/A       N/A         4
 Summon Cactus Giant      Summ           Unusable   N/A       N/A         6

Dungeon Overview and Level Annotations

Branches:
Dungeon (7/15)             Temple (1/1) D:4          Bailey (1/1)

Altars:
Cheibriados
Dithmenos
Elyvilon
Fedhas
Gozag
Hepliaklqana
Makhleb
Nemelex Xobeh
Okawaru
Qazlal
Ru
Trog
Uskayaw
Vehumet
Wu Jian
Yredelemnul
Zin
The Shining One


Innate Abilities, Weirdness & Mutations

You have a pair of large horns on your head.
You are partially covered in rugged brown scales. (AC +1, +3% HP)
A meltable shield of frost defends you. (SH +4)


Message History

There is an open door, spattered with blood here.
The orc hits you but does no damage.
You feel much better. The orc warrior misses you.
You block the orc warrior's attack. You block the orc's attack.
You block the orc warrior's attack.
You barely miss the orc warrior. You slash the orc!
You kill the orc!
Okawaru accepts your kill. The orc warrior barely misses you.
You block the orc warrior's attack.
You hit the orc warrior. You headbutt the orc warrior.
The orc warrior is moderately wounded.
You block the orc warrior's attack. The orc warrior misses you.
You block the orc's attack.
You hit the orc warrior. Your headbutt misses the orc warrior.
The orc warrior is moderately wounded.
The orc warrior hits you with a +0 trident!
You block the orc warrior's attack. The orc hits you but does no damage.
You hit the orc warrior. Your headbutt misses the orc warrior.
The orc warrior is heavily wounded.
The orc warrior hits you from afar with a +0 glaive!
The orc hits you from afar with a +0 trident.
You hit the orc warrior.
You headbutt the orc warrior, but do no damage.
The orc warrior is severely wounded.
The orc warrior hits you with a +0 trident.
* * * LOW HITPOINT WARNING * * *
The orc warrior hits you but does no damage.
You block the orc's attack.
Okay, then.
You block the orc warrior's attack. x2; You block the orc's attack.
You slash the orc warrior!
The orc warrior is heavily wounded.
You hit the orc but do no damage. You barely miss the orc warrior.
The orc warrior hits you with a +0 trident!
* * * LOW HITPOINT WARNING * * *
You block the orc warrior's attack. The orc barely misses you.
As you read the scroll of teleportation, it crumbles to dust.
You feel strangely unstable. You block the orc warrior's attack.
The orc warrior hits you with a +0 glaive!
You die...

#.......#
#.......#
#..#.#..#
#.)#8#..#
#.)).)..#
##)....##
###'###
#oo.#
#.@)#
#o..#
#...#
###'###
##.....##
#.......#
#.......#
#.......#
#..#.#..#


You could see 2 orc warriors and an orc.

Vanquished Creatures
  A two-headed ogre (D:6)
  Pikel (D:6)
  Eustachio (D:6)
  Menkaure (D:5)
  A black bear (D:5)
  An orc warrior (Bailey)
  A phantom (D:5)
  A kobold brigand (D:7)
  3 bullfrogs
  4 scorpions
  3 necrophages
  4 hounds
  3 jellies
  A gnoll shaman (D:6)
  Crazy Yiuf (D:6)
  2 iguanas
  Natasha (thrice) (D:2)
  12 gnolls
  15 adders
  A white imp (D:5)
  2 worms
  24 orcs
  8 endoplasms
  3 giant cockroaches
  18 goblins
  9 hobgoblins
  8 jackals
  13 kobolds
  3 quokkas
  8 ball pythons
  9 bats
  8 frilled lizards
  14 rats
187 creatures vanquished.

Vanquished Creatures (others)
  2 plants
2 creatures vanquished.

Grand Total: 189 creatures vanquished

Notes
Turn   | Place    | Note
-------+----------+-------------------------------------------
     0 | D:1      | jlumianski the Demonspawn Fighter began the quest for the
                  | Orb.
     0 | D:1      | Reached XP level 1. HP: 18/18 MP: 1/1
   151 | D:1      | Gained mutation: You have a pair of small horns on your
                  | head. [demonic ancestry]
   151 | D:1      | Reached XP level 2. HP: 24/24 MP: 2/2
   353 | D:1      | Reached skill level 2 in Axes
   502 | D:1      | Found a faded altar of an unknown god.
   775 | D:1      | Gained mutation: You have a pair of horns on your head.
                  | [demonic ancestry]
   775 | D:1      | Reached XP level 3. HP: 29/29 MP: 3/3
   908 | D:2      | Noticed Natasha
   915 | D:2      | Killed Natasha
   961 | D:2      | Noticed Natasha
  1082 | D:2      | Killed Natasha
  1083 | D:2      | Gained mutation: You are partially covered in rugged brown
                  | scales. (AC +1, +3% HP) [demonic ancestry]
  1083 | D:2      | Reached XP level 4. HP: 17/36 MP: 4/4
  1315 | D:2      | Reached skill level 3 in Axes
  1396 | D:2      | Found an iron altar of Okawaru.
  1432 | D:2      | Became a worshipper of Warmaster Okawaru
  1515 | D:2      | Reached XP level 5. HP: 15/43 MP: 5/5
  1829 | D:2      | Noticed Natasha
  1843 | D:2      | Killed Natasha
  2417 | D:3      | Reached skill level 4 in Axes
  2489 | D:3      | Gained mutation: A meltable shield of frost defends you.
                  | (SH +4) [demonic ancestry]
  2489 | D:3      | Reached XP level 6. HP: 47/49 MP: 6/6
  2516 | D:3      | Reached * piety under Okawaru
  3604 | D:4      | Reached skill level 1 in Dodging
  3606 | D:4      | Gained mutation: You have a pair of large horns on your
                  | head. [demonic ancestry]
  3606 | D:4      | Reached XP level 7. HP: 55/55 MP: 7/7
  3612 | D:4      | Reached skill level 5 in Axes
  3782 | D:4      | Found a sparkling altar of Nemelex Xobeh.
  3951 | D:4      | Reached ** piety under Okawaru
  4164 | D:4      | Found a staircase to the Ecumenical Temple.
  4181 | Temple   | Entered the Ecumenical Temple
  4459 | D:5      | Entered Level 5 of the Dungeon
  4593 | D:5      | Noticed Menkaure
  4603 | D:5      | Killed Menkaure
  4604 | D:5      | Reached XP level 8. HP: 56/62 MP: 8/8
  4612 | D:5      | Identified the +2 leather armour of Cowardice {Dex+3}
  4650 | D:5      | Got the Reference Book on Stones and the Traveller
  4674 | D:5      | Found a blossoming altar of Fedhas.
  4769 | D:5      | Reached skill level 6 in Axes
  5232 | D:6      | Reached skill level 1 in Invocations
  5260 | D:6      | Noticed Pikel
  5273 | D:6      | Killed Pikel
  5273 | D:6      | Reached *** piety under Okawaru
  5273 | D:6      | Received a gift from Okawaru
  5274 | D:6      | Reached skill level 5 in Armour
  5274 | D:6      | Reached skill level 1 in Evocations
  5419 | D:6      | Noticed a two-headed ogre
  5426 | D:6      | HP: 3/62 [two-headed ogre/+0 giant club (18)]
  5427 | D:6      | Killed a two-headed ogre
  5428 | D:6      | Reached skill level 5 in Fighting
  5428 | D:6      | Reached skill level 7 in Axes
  5428 | D:6      | Reached XP level 9. HP: 5/70 MP: 8/11
  5670 | D:6      | Noticed Eustachio
  5684 | D:6      | Killed Eustachio
  5685 | D:6      | Reached skill level 5 in Shields
  5839 | D:6      | Found a runed translucent door.
  5840 | D:6      | Noticed Crazy Yiuf
  5845 | D:6      | Killed Crazy Yiuf
  5999 | D:7      | Reached skill level 5 in Invocations
  6075 | D:7      | Found a flagged portal.
  6103 | Bailey   | Entered a bailey
  6197 | Bailey   | Slain by an orc warrior

Illustrated notes

Levels and vault maps discovered:
D:1:      dpeg_arrival_shelter, layout_basic, ebering_ecumenical_altar_hall
D:2:      layout_loops_ring, basic_altar, uniq_natasha
D:3:      corexii_shack_village, layout_loops_corners, minmay_fractal_squares_5
D:4:      layout_layer_cave, mainiacjoe_overflow_alcove_1,
          minmay_temple_entry_stoned_glass, amcnicky_mini_rare_corridor_liquid
D:5:      layout_loops_ring, mainiacjoe_overflow_tiny_flanked,
          amethyst_killhole, wad_floor_pattern_1, uniq_menkaure
D:6:      layout_cave_pools, uniq_pikel, uniq_crazy_yiuf_cottage, uniq_eustachio
D:7:      layout_basic, ashenzari_altar_1, enter_bailey_3, grunt_ministairs_9,
          roderic_roman_lattice, nicolae_figureground_pulse
Temple:   eino_temple_scatter_basement
Bailey:   bailey_polearm_5, bailey

Skill      XL: |  1  2  3  4  5  6  7  8  9 |
---------------+----------------------------+-----
Axes           | 2 3 4 5 7 |  7.4
Armour         | 3 4 5 |  5.6
Shields        | 3 4 5 |  5.1
Fighting       | 4 5 |  5.2
Dodging        | 1 2 |  2.5
Invocations    | 3 5 |  5.4
Evocations     | 2 3 |  3.6
Throwing       | |  0.4
Stealth        | |  0.7

Action                   |  1- 3 |  4- 6 |  7- 9 || total
-------------------------+-------+-------+-------++-------
Melee: War axe           |    83 |   196 |   231 ||   510
       Headbutt          |     8 |    30 |    39 ||    77
Throw: Boomerang         |       |     3 |     4 ||     7
Invok: Heroism           |       |       |     2 ||     2
  Use: Scroll            |       |     9 |     5 ||    14
       Potion            |       |     1 |     4 ||     5
Armor: Scale mail        |    44 |    97 |   117 ||   258
Dodge: Dodged            |    47 |   104 |   130 ||   281
Block: Buckler           |    14 |    67 |   102 ||   183
       Kite shield       |       |       |   100 ||   100

Table legend: (Time is in decaauts)
 A = Elapsed time spent in this place.
 B = Non-inter-level travel time spent in this place.
 C = Inter-level travel time spent in this place.
 D = Time resting spent in this place.
 E = Time spent auto-exploring this place.
 F = Levels seen in this place.
 G = Mean time per level.
                   A        B        C        D        E       F      G
               +--------+--------+--------+--------+--------+-----+--------+
         Total |   6369 |   6262 |    107 |    590 |   2978 |   9 |  707.7 |
       Dungeon |   6115 |   6008 |    107 |    590 |   2970 |   7 |  873.6 |
        Temple |    157 |    157 |      0 |      0 |      8 |   1 |  157.0 |
        Bailey |     96 |     96 |      0 |      0 |      0 |   1 |   96.0 |
               +--------+--------+--------+--------+--------+-----+--------+

Top non-repeatable levels by time:
     D:3: 1379 daAuts
     D:2: 1175 daAuts
     D:1: 1043 daAuts
     D:5: 829 daAuts
     D:4: 825 daAuts
     D:6: 707 daAuts
  Temple: 157 daAuts
     D:7: 155 daAuts
  Bailey: 96 daAuts
